[Event "1.FrauenBL 2018-19"]
[Site "Berlin"]
[Date "2019.03.02"]
[Round "10.7"]
[White "Manusina, Nicole"]
[Black "Belenkaya, Dina"]
[Result "0-1"]
[ECO "B12"]
[WhiteElo "1988"]
[BlackElo "2360"]
[Annotator "NA"]
[PlyCount "68"]
[EventDate "2018.10.27"]
[EventType "team-tourn"]
[EventCountry "GER"]
[SourceTitle "playchess.com"]
[Source "ChessBase"]
[SourceQuality "1"]
[WhiteTeam "SK Lehrte"]
[BlackTeam "Bad Koenigshofen"]
[TimeControl "40/5400+30:1800+30"]

1. e4 c6 2. d4 d5 3. e5 c5 4. dxc5 Nc6 5. Nf3 Bg4 6. Bb5 Qa5+ 7. Nc3 e6 8. O-O Bxc5 9. Bxc6+ bxc6 10. Qd3 Ne7 11. Bf4 O-O 12. a3 Qc7 13. Rae1 a5 14. Na4 Ba7 15. c4 c5 16. cxd5 exd5 17. Nc3 Qc6 18. Bg5 c4 19. Qd1 Rfe8 20. Bxe7 Rxe7 21. Qxd5 Qxd5 22. Nxd5 Rb7 23. Re2 Rab8 24. Rd1 Kf8 25. Rdd2 Bf5 26. Nf4 g5 27. Nd5 Bd3 28. Re1 g4 29. Ng5 Rxb2 30. Rxb2 Rxb2 31. Ne3 Bxe3 32. fxe3 h6 33. Nf3 gxf3 34. gxf3 c3 0-1

[Event "1.FrauenBL 2018-19"]
[Site "Berlin"]
[Date "2019.03.02"]
[Round "10.8"]
[White "Gvanceladze, Anna"]
[Black "Zschischang, Marine"]
[Result "1-0"]
[ECO "C00"]
[WhiteElo "2264"]
[BlackElo "2069"]
[Annotator "NA"]
[PlyCount "149"]
[EventDate "2018.10.27"]
[EventType "team-tourn"]
[EventCountry "GER"]
[SourceTitle "playchess.com"]
[Source "ChessBase"]
[SourceQuality "1"]
[WhiteTeam "Bad Koenigshofen"]
[BlackTeam "SK Lehrte"]
[TimeControl "40/5400+30:1800+30"]

1. e4 e6 2. Qe2 d5 3. exd5 Qxd5 4. Nf3 Nf6 5. g3 Qe4 6. Qxe4 Nxe4 7. Bg2 Be7 8. Ne5 Nd6 9. O-O Nd7 10. d4 Nxe5 11. dxe5 Nc4 12. Re1 Bd7 13. b3 Na5 14. Ba3 Bc6 15. Bf1 b6 16. Bxe7 Kxe7 17. b4 Nb7 18. Nc3 a6 19. Bd3 Rhd8 20. a3 h6 21. Kf1 a5 22. Ke2 Ra7 23. Ke3 axb4 24. axb4 Rda8 25. Rxa7 Rxa7 26. h4 Ra3 27. Kd2 Nd8 28. f4 Bd7 29. Re4 Ra1 30. Rc4 c6 31. Be4 f6 32. exf6+ gxf6 33. Ne2 e5 34. Bf3 Rb1 35. fxe5 fxe5 36. Bg4 Be8 37. Nc1 Bg6 38. Bf3 b5 39. Rc3 Rxb4 40. Nb3 Kd6 41. Be2 Ne6 42. Rf3 Ke7 43. Re3 e4 44. Rc3 Kd6 45. g4 c5 46. Rg3 Ke5 47. Bd1 c4 48. Nc1 Rb1 49. Ra3 Nc5 50. Ne2 Na4 51. h5 Be8 52. Re3 b4 53. Ng3 c3+ 54. Ke2 Bb5+ 55. Kf2 Rxd1 56. Rxe4+ Kf6 57. Rxb4 Bd7 58. Kf3 Bc6+ 59. Kf4 Ke6 60. Nf5 Rf1+ 61. Ke3 Nb2 62. Nxh6 Rc1 63. Nf5 Rg1 64. h6 Rh1 65. Kf4 Na4 66. Nd4+ Kd5 67. Nxc6 Kxc6 68. Rxa4 Kb5 69. Ra3 Kb4 70. Rb3+ Kc4 71. Rb6 Rh2 72. Kg3 Rxc2 73. h7 Rb2 74. Rc6+ Kd5 75. h8=Q {[%emt 0:00:09] Kd7 [%clk ]} 1-0

[Event "1.FrauenBL 2018-19"]
[Site "Berlin"]
[Date "2019.03.02"]
[Round "10.8"]
[White "Antolak, Julia"]
[Black "Boric, Elena"]
[Result "1-0"]
[ECO "C06"]
[WhiteElo "2207"]
[BlackElo "2202"]
[Annotator "NA"]
[PlyCount "85"]
[EventDate "2018.10.27"]
[EventType "team-tourn"]
[EventCountry "GER"]
[SourceTitle "playchess.com"]
[Source "ChessBase"]
[SourceQuality "1"]
[WhiteTeam "TuRa Harksheide"]
[BlackTeam "FC Bayern Muenchen"]
[TimeControl "40/5400+30:1800+30"]

1. e4 e6 2. d4 d5 3. Nd2 Nf6 4. e5 Nfd7 5. Bd3 c5 6. c3 Nc6 7. Ne2 cxd4 8. cxd4 f6 9. exf6 Nxf6 10. O-O Bd6 11. Nf3 Qc7 12. Bg5 O-O 13. Bh4 Bd7 14. Bg3 Rac8 15. Rc1 Bxg3 16. hxg3 Qd6 17. Nf4 e5 18. Rxc6 Qxc6 19. dxe5 Ne4 20. Bb1 Rxf4 21. gxf4 Bg4 22. Bxe4 dxe4 23. Nd4 Qd7 24. Qb3+ Kh8 25. Nb5 Be2 26. Nd6 Bxf1 27. Nxc8 Qxc8 28. Kxf1 Qc1+ 29. Ke2 Qxf4 30. Qd5 h6 31. e6 Qc7 32. Qxe4 Qe7 33. Qd5 Kg8 34. g3 a6 35. Qd7 Kf8 36. Qc8+ Qe8 37. Qxe8+ Kxe8 38. f4 g6 39. g4 Ke7 40. f5 Kf6 41. Kf3 h5 42. gxh5 gxf5 43. h6 1-0

[Event "1.FrauenBL 2018-19"]
[Site "Berlin"]
[Date "2019.03.02"]
[Round "10.9"]
[White "Burchardt, Brigitte"]
[Black "Bluhm, Sonja Maria"]
[Result "0-1"]
[ECO "C54"]
[WhiteElo "2158"]
[BlackElo "2222"]
[Annotator "NA"]
[PlyCount "158"]
[EventDate "2018.10.27"]
[EventType "team-tourn"]
[EventCountry "GER"]
[SourceTitle "playchess.com"]
[Source "ChessBase"]
[SourceQuality "1"]
[WhiteTeam "Pankow"]
[BlackTeam "Hofheim"]
[TimeControl "40/5400+30:1800+30"]

1. e4 e5 2. Bc4 Nf6 3. d3 Nc6 4. Nf3 Bc5 5. O-O d6 6. c3 Bb6 7. h3 h6 8. Re1 Qe7 9. Be3 g5 10. Nbd2 g4 11. hxg4 Bxg4 12. Qa4 Bd7 13. Bxb6 Nd4 14. Qd1 Nxf3+ 15. Qxf3 axb6 16. d4 Rg8 17. Bf1 Ng4 18. g3 h5 19. Bg2 h4 20. Nf1 Rg6 21. Qd3 Qf6 22. Re2 Nh6 23. f4 hxg3 24. f5 Rg8 25. Re3 O-O-O 26. a4 exd4 27. cxd4 d5 28. a5 b5 29. a6 bxa6 30. e5 Qxf5 31. Nxg3 Qxd3 32. Rxd3 Rg6 33. Kf2 Ng4+ 34. Ke2 b4 35. Bxd5 Bb5 36. Be4 Rgg8 37. Nf5 Rh8 38. Rg1 Rh2+ 39. Kf3 Bxd3 40. Bxd3 Rh3+ 41. Ke2 Rh2+ 42. Ke1 Nxe5 43. Bxa6+ Kd7 44. dxe5 Ra8 45. Be2 Ra1+ 46. Bd1 Rxb2 47. Ne3 c5 48. Rf1 Ke6 49. Rf6+ Kxe5 50. Rxf7 Ke4 51. Nf1 Kd3 52. Rd7+ Kc4 53. Ne3+ Kb5 54. Rb7+ Kc6 55. Rf7 b3 56. Rf6+ Kb5 57. Rf8 Rc1 58. Rb8+ Kc6 59. Nf1 Kc7 60. Rb5 Rbb1 61. Ne3 Kc6 62. Rb8 c4 63. Kd2 c3+ 64. Kd3 Rxd1+ 65. Kxc3 Rdc1+ 66. Kd2 Rh1 67. Nc4 Rh2+ 68. Kd3 Rh3+ 69. Kd2 Rh2+ 70. Kd3 Kc5 71. Rc8+ Kd5 72. Rd8+ Kc6 73. Rb8 Rd1+ 74. Kc3 Rc1+ 75. Kb4 Rh4 76. Kxb3 Rhxc4 77. Rc8+ Kd5 78. Rh8 Rf4 79. Z0 Ke6 0-1

[Event "1.FrauenBL 2018-19"]
[Site "Berlin"]
[Date "2019.03.02"]
[Round "10.9"]
[White "Mayrhuber, Nikola"]
[Black "Gosciniak, Maria"]
[Result "0-1"]
[ECO "A56"]
[WhiteElo "1983"]
[BlackElo "2116"]
[Annotator "NA"]
[PlyCount "52"]
[EventDate "2018.10.27"]
[EventType "team-tourn"]
[EventCountry "GER"]
[SourceTitle "playchess.com"]
[Source "ChessBase"]
[SourceQuality "1"]
[WhiteTeam "FC Bayern Muenchen"]
[BlackTeam "TuRa Harksheide"]
[TimeControl "40/5400+30:1800+30"]

1. d4 Nf6 2. c4 c5 3. d5 d6 4. Nf3 e5 5. Nc3 Be7 6. g3 O-O 7. Bg2 a6 8. a4 Ne8 9. e4 f5 10. exf5 Bxf5 11. O-O Nd7 12. Nd2 Nef6 13. Nde4 Qe8 14. Ng5 Qg6 15. Ne6 Rfc8 16. Re1 h6 17. Bf3 Rab8 18. a5 Re8 19. Nc7 Rf8 20. Ne6 Rf7 21. Kg2 Nf8 22. Nxc5 dxc5 23. d6 Rd8 24. Nd5 Bxd6 25. Nxf6+ Qxf6 26. Bd5 Be6 0-1

[Event "1.FrauenBL 2018-19"]
[Site "Berlin"]
[Date "2019.03.02"]
[Round "10.10"]
[White "Brandt, Carina"]
[Black "Vidonyak, Nellya"]
[Result "0-1"]
[ECO "C41"]
[WhiteElo "2076"]
[BlackElo "2111"]
[Annotator "NA"]
[PlyCount "140"]
[EventDate "2018.10.27"]
[EventType "team-tourn"]
[EventCountry "GER"]
[SourceTitle "playchess.com"]
[Source "ChessBase"]
[SourceQuality "1"]
[WhiteTeam "TuRa Harksheide"]
[BlackTeam "FC Bayern Muenchen"]
[TimeControl "40/5400+30:1800+30"]

1. e4 d6 2. d4 Nf6 3. Nc3 Nbd7 4. Nf3 e5 5. g4 g6 6. g5 Nh5 7. Be3 c6 8. Be2 Be7 9. h4 a6 10. a4 a5 11. Nh2 Nf4 12. Bxf4 exf4 13. Qd2 h6 14. Qxf4 hxg5 15. hxg5 Nf8 16. Qg3 Bxg5 17. Qg1 Bf4 18. Nf3 Rxh1 19. Qxh1 Qb6 20. Rb1 g5 21. Qh8 g4 22. Nd2 Be6 23. Nc4 Bxc4 24. Bxc4 O-O-O 25. Qf6 Bh2 26. Bxf7 g3 27. Qh4 Qxd4 28. fxg3 Qg1+ 29. Kd2 Qd4+ 30. Ke2 Bg1 31. Qg4+ Kc7 32. Qf3 Nd7 33. Rd1 Qc5 34. Be6 Rf8 35. Bf5 Rh8 36. Bxd7 Rh2+ 37. Ke1 Rf2 38. Qd3 Kxd7 39. Rd2 Rf7 40. Re2 Bd4 41. Nd1 Be5 42. Qb3 Qb4+ 43. Qxb4 Bxg3+ 44. Kd2 axb4 45. Rg2 Be5 46. b3 Bd4 47. Kd3 c5 48. Rg6 Rf3+ 49. Ke2 Rf4 50. Kd3 Rh4 51. Rg2 Rh3+ 52. Ke2 Ke6 53. Rg4 Ke5 54. Kd2 Bc3+ 55. Ke2 Rh2+ 56. Nf2 Bd4 57. Rg5+ Ke6 58. Rf5 d5 59. Rxd5 Rxf2+ 60. Kd3 b6 61. Rh5 Rf3+ 62. Kc4 Rc3+ 63. Kb5 Rxc2 64. Rh6+ Ke5 65. Rxb6 c4 66. a5 cxb3 67. Ka4 Bxb6 68. Kxb3 Rc6 69. Z0 Kd4 70. Z0 {Bd4 [%clk ] --- [%clk ] b3+ [%clk ] --- [%clk ]} Rc2 {Qf7 [%clk ] e7 [%clk ]} 0-1

[Event "1.FrauenBL 2018-19"]
[Site "Berlin"]
[Date "2019.03.02"]
[Round "10.11"]
[White "Ankerst, Milka"]
[Black "Sherif, Amina"]
[Result "1-0"]
[ECO "C00"]
[WhiteElo "1996"]
[BlackElo "1954"]
[Annotator "NA"]
[PlyCount "72"]
[EventDate "2018.10.27"]
[EventType "team-tourn"]
[EventCountry "GER"]
[SourceTitle "playchess.com"]
[Source "ChessBase"]
[SourceQuality "1"]
[WhiteTeam "FC Bayern Muenchen"]
[BlackTeam "TuRa Harksheide"]
[TimeControl "40/5400+30:1800+30"]

1. e4 c5 2. Nf3 e6 3. d3 Nc6 4. g3 d5 5. Nbd2 Nf6 6. Bg2 Be7 7. O-O Qc7 8. Re1 b6 9. e5 Nd7 10. Qe2 Bb7 11. c3 O-O-O 12. Nf1 Rdg8 13. Bd2 g5 14. h3 g4 15. hxg4 Rxg4 16. N1h2 Rg7 17. b4 cxb4 18. cxb4 Bxb4 19. Bxb4 Nxb4 20. Rac1 Nc6 21. Nd4 Ndb8 22. Nb5 Qd7 23. Nxa7+ Kd8 24. Qb2 Ke8 25. Qxb6 h5 26. Nb5 Kf8 27. Nf3 Kg8 28. a4 h4 29. Nxh4 Rxh4 30. gxh4 d4 31. Kf1 Rxg2 32. Nd6 Rh2 33. Qxb7 Z0 34. Qxd7 Z0 35. Ra1 Z0 36. Nc8 Z0 {Ke1 [%clk ]} 1-0

[Event "1.FrauenBL 2018-19"]
[Site "Berlin"]
[Date "2019.03.02"]
[Round "10.12"]
[White "Waechter, Nathalie"]
[Black "Spiel, Marianne"]
[Result "1-0"]
[ECO "D36"]
[WhiteElo "2038"]
[BlackElo "1901"]
[Annotator "NA"]
[PlyCount "67"]
[EventDate "2018.10.27"]
[EventType "team-tourn"]
[EventCountry "GER"]
[SourceTitle "playchess.com"]
[Source "ChessBase"]
[SourceQuality "1"]
[WhiteTeam "TuRa Harksheide"]
[BlackTeam "FC Bayern Muenchen"]
[TimeControl "40/5400+30:1800+30"]

1. d4 Nf6 2. c4 e6 3. Nf3 d5 4. Bg5 c6 5. cxd5 exd5 6. Nc3 Be7 7. Qc2 O-O 8. e3 Be6 9. Bd3 Nbd7 10. O-O h6 11. Bh4 g5 12. Bg3 Nh5 13. Bh7+ Kg7 14. Be5+ Nxe5 15. Nxe5 Nf6 16. Bd3 Bd6 17. f4 Ng4 18. Qe2 Nxe5 19. dxe5 Bc5 20. f5 Bd7 21. f6+ Kh8 22. Na4 Bb6 23. Nxb6 Qxb6 24. Kh1 g4 25. Qf2 Rg8 26. Rae1 Qd8 27. e4 Be6 28. exd5 Qxd5 29. Bb1 Qd8 30. Rd1 Qf8 31. Rd6 Rg5 32. Qc2 Qg8 33. Rxe6 fxe6 34. f7 1-0

[Event "1.FrauenBL 2018-19"]
[Site "Berlin"]
[Date "2019.03.03"]
[Round "11"]
[White "Schleining, Zoya"]
[Black "Muetsch, Annmarie"]
[Result "1-0"]
[ECO "E90"]
[WhiteElo "2344"]
[BlackElo "2249"]
[Annotator "NA"]
[PlyCount "90"]
[EventDate "2018.10.27"]
[EventType "team-tourn"]
[EventCountry "GER"]
[SourceTitle "playchess.com"]
[Source "ChessBase"]
[SourceQuality "1"]
[WhiteTeam "SF Deizisau"]
[BlackTeam "Karlsruher SF"]
[TimeControl "40/5400+30:1800+30"]

1. d4 Nf6 2. Nf3 g6 3. c4 Bg7 4. Nc3 O-O 5. e4 d6 6. Be3 e5 7. d5 Ng4 8. Bg5 f6 9. Bh4 h5 10. h3 Nh6 11. Nd2 c5 12. Be2 Na6 13. a3 Nf7 14. g4 hxg4 15. Bxg4 Nh6 16. Bxc8 Qxc8 17. Qe2 g5 18. Bg3 Kf7 19. Nf1 Ke7 20. h4 g4 21. Ne3 Qd7 22. h5 Rg8 23. Bh4 Nc7 24. O-O-O b5 25. cxb5 Rab8 26. a4 a6 27. bxa6 Ra8 28. f3 g3 29. Rdg1 Bh8 30. Rxg3 Rxg3 31. Bxg3 Nxa6 32. Qb5 Qa7 33. Nc4 Nb4 34. Qb6 Qd7 35. Qb5 Qc7 36. Qb6 Qd7 37. Na5 Ra6 38. Nc6+ Qxc6 39. Qxc6 Nxc6 40. dxc6 Rxc6 41. b3 Bg7 42. Bf2 Nf7 43. Be3 Bf8 44. Z0 Rb6 45. Nb1 Z0 {Ra7 [%clk ] --- [%clk ] b7 [%clk ]} 1-0

[Event "1.FrauenBL 2018-19"]
[Site "Berlin"]
[Date "2019.03.03"]
[Round "11"]
[White "Zschischang, Marine"]
[Black "Pralle, Katharina"]
[Result "1-0"]
[ECO "D36"]
[WhiteElo "2069"]
[BlackElo "1979"]
[Annotator "NA"]
[PlyCount "69"]
[EventDate "2018.10.27"]
[EventType "team-tourn"]
[EventCountry "GER"]
[SourceTitle "playchess.com"]
[Source "ChessBase"]
[SourceQuality "1"]
[WhiteTeam "SK Lehrte"]
[BlackTeam "Hofheim"]
[TimeControl "40/5400+30:1800+30"]

1. d4 d5 2. c4 e6 3. Nc3 Nf6 4. Bg5 Nbd7 5. cxd5 exd5 6. e3 c6 7. Nf3 Be7 8. Bd3 h6 9. Bh4 O-O 10. Qc2 Re8 11. h3 b6 12. O-O Bb7 13. Bg3 c5 14. Nb5 Rf8 15. Nd6 Bc6 16. Nf5 c4 17. Nxe7+ Qxe7 18. Bh4 Rac8 19. Bf5 g6 20. Bg4 h5 21. Bxd7 Bxd7 22. Ne5 Kg7 23. f3 Qe8 24. e4 Be6 25. Rae1 Qb5 26. a4 Qb4 27. Bxf6+ Kxf6 28. exd5 Bxd5 29. Nd7+ Kg7 30. Nxf8 Rxf8 31. Re5 Bc6 32. Ra1 Rd8 33. Qc3 Qd6 34. d5 f6 35. Re6 1-0

[Event "1.FrauenBL 2018-19"]
[Site "Berlin"]
[Date "2019.03.03"]
[Round "11.1"]
[White "Schmidt, Jessica"]
[Black "Klek, Hanna Marie"]
[Result "1/2-1/2"]
[ECO "D37"]
[WhiteElo "2240"]
[BlackElo "2313"]
[Annotator "NA"]
[PlyCount "118"]
[EventDate "2018.10.27"]
[EventType "team-tourn"]
[EventCountry "GER"]
[SourceTitle "playchess.com"]
[Source "ChessBase"]
[SourceQuality "1"]
[WhiteTeam "Karlsruher SF"]
[BlackTeam "SF Deizisau"]
[TimeControl "40/5400+30:1800+30"]

1. d4 d5 2. c4 e6 3. Nf3 a6 4. cxd5 exd5 5. Nc3 Nf6 6. Bg5 Be6 7. e3 Bd6 8. Bd3 O-O 9. O-O h6 10. Bh4 Nbd7 11. Rc1 Rc8 12. Bg3 Bxg3 13. hxg3 Ne8 14. Ne2 Nb6 15. Ne5 Nd6 16. Nf4 Bf5 17. Bxf5 Nxf5 18. Qb3 Re8 19. Rfd1 f6 20. Neg6 Ne7 21. Ne6 Qd6 22. Nxe7+ Rxe7 23. Nc5 Rb8 24. a4 Qd8 25. e4 c6 26. Re1 a5 27. Nd3 Kh8 28. e5 Nd7 29. Nf4 Nf8 30. Qc3 fxe5 31. dxe5 Qb6 32. Qc5 Qxc5 33. Rxc5 Ra8 34. Rc3 Kh7 35. Nd3 Ne6 36. f4 h5 37. Nc5 Nxc5 38. Rxc5 Kg6 39. Kf2 Kf5 40. Rh1 g6 41. Kf3 Ra6 42. Rh4 Rh7 43. g4+ hxg4+ 44. Rxg4 Rh5 45. Rc3 Rb6 46. b3 c5 47. e6 Kf6 48. Rxc5 Rxb3+ 49. Ke2 Rb4 50. Rxa5 Re4+ 51. Kd3 Rxe6 52. Rb5 b6 53. Rg3 Rh1 54. Re3 Rd6 55. a5 bxa5 56. Rxa5 Rf1 57. g3 d4 58. Ke2 Rxf4 59. gxf4 dxe3 1/2-1/2

[Event "1.FrauenBL 2018-19"]
[Site "Berlin"]
[Date "2019.03.03"]
[Round "11.1"]
[White "Schneider, Jana"]
[Black "Burchardt, Brigitte"]
[Result "1-0"]
[ECO "B55"]
[WhiteElo "2201"]
[BlackElo "2158"]
[Annotator "NA"]
[PlyCount "125"]
[EventDate "2018.10.27"]
[EventType "team-tourn"]
[EventCountry "GER"]
[SourceTitle "playchess.com"]
[Source "ChessBase"]
[SourceQuality "1"]
[WhiteTeam "Bad Koenigshofen"]
[BlackTeam "Pankow"]
[TimeControl "40/5400+30:1800+30"]

1. e4 c5 2. Nf3 d6 3. d4 cxd4 4. Nxd4 Nf6 5. f3 e5 6. Nb3 Be6 7. c4 Nbd7 8. Nc3 Be7 9. Be3 O-O 10. Be2 Ne8 11. O-O Nc5 12. Nd5 Bxd5 13. cxd5 b6 14. Nd2 Bg5 15. Bxg5 Qxg5 16. b4 Qe3+ 17. Kh1 Nd3 18. Bxd3 Qxd3 19. Rc1 Nf6 20. Nc4 Qxd1 21. Rfxd1 Rfd8 22. Rc2 Kf8 23. Rdc1 g6 24. g4 h6 25. Kg2 Ke7 26. Na3 Ne8 27. Rc6 Rd7 28. Nc4 Rb8 29. Kf2 Ng7 30. Ne3 h5 31. a4 hxg4 32. fxg4 Rf8 33. Rc8 Rxc8 34. Rxc8 Rd8 35. Rc6 Rd7 36. Kf3 g5 37. Nc2 Ne8 38. b5 Rb7 39. Nb4 Nc7 40. Kg3 Kd7 41. Rc2 f6 42. h4 gxh4+ 43. Kxh4 Ke7 44. Kh5 Kf8 45. Kh6 Ne8 46. Rc8 Rd7 47. Nc6 Kf7 48. Nd8+ Ke7 49. Ne6 Kf7 50. Ra8 Re7 51. Nd8+ Kg8 52. Nc6 Rh7+ 53. Kg6 Rg7+ 54. Kf5 Kf8 55. Rxa7 Rg5+ 56. Ke6 Rxg4 57. Rf7+ Kg8 58. Ne7+ Kh8 59. Rf8+ Kh7 60. Rxe8 Rxe4 61. Kxd6 Rxa4 62. Kc7 Kg7 63. d6 1-0

[Event "1.FrauenBL 2018-19"]
[Site "Berlin"]
[Date "2019.03.03"]
[Round "11.2"]
[White "Majdan, Joanna"]
[Black "Antolak, Julia"]
[Result "0-1"]
[ECO "B80"]
[WhiteElo "2387"]
[BlackElo "2207"]
[Annotator "NA"]
[PlyCount "72"]
[EventDate "2018.10.27"]
[EventType "team-tourn"]
[EventCountry "GER"]
[SourceTitle "playchess.com"]
[Source "ChessBase"]
[SourceQuality "1"]
[WhiteTeam "Rodewischer SM"]
[BlackTeam "TuRa Harksheide"]
[TimeControl "40/5400+30:1800+30"]

1. e4 c5 2. Nc3 e6 3. Nf3 d6 4. d4 cxd4 5. Nxd4 Nf6 6. Be3 a6 7. f3 b5 8. g4 h6 9. Qd2 Nbd7 10. a3 Nb6 11. Qf2 Nfd7 12. f4 Bb7 13. f5 e5 14. Ne6 fxe6 15. fxe6 Qf6 16. exd7+ Nxd7 17. Qe2 Qg6 18. O-O-O Rc8 19. Rg1 Be7 20. Bh3 Bg5 21. Bxg5 hxg5 22. Rg3 Nc5 23. Re3 O-O 24. b4 Ne6 25. Rxd6 Qf7 26. Rd1 Nd4 27. Qd2 Rfd8 28. Kb2 a5 29. Nb1 axb4 30. Bg2 Qe7 31. Rd3 bxa3+ 32. Nxa3 b4 33. Nb5 Ba6 34. Nxd4 Bxd3 35. Nf5 Qa7 36. cxd3 Qa3+ 0-1

[Event "1.FrauenBL 2018-19"]
[Site "Berlin"]
[Date "2019.03.03"]
[Round "11.2"]
[White "Misanovic, Vesna"]
[Black "Heinatz, Gundula"]
[Result "1-0"]
[ECO "B06"]
[WhiteElo "2249"]
[BlackElo "2174"]
[Annotator "NA"]
[PlyCount "109"]
[EventDate "2018.10.27"]
[EventType "team-tourn"]
[EventCountry "GER"]
[SourceTitle "playchess.com"]
[Source "ChessBase"]
[SourceQuality "1"]
[WhiteTeam "SF Deizisau"]
[BlackTeam "Karlsruher SF"]
[TimeControl "40/5400+30:1800+30"]

1. e4 g6 2. d4 Bg7 3. Bc4 d6 4. Ne2 Nf6 5. f3 d5 6. exd5 Nxd5 7. O-O O-O 8. Bb3 c6 9. c4 Nc7 10. Nbc3 Nd7 11. Bg5 Ne6 12. Be3 a5 13. Qd2 c5 14. d5 Nc7 15. Rad1 Ne8 16. Bc2 Nd6 17. b3 a4 18. Nxa4 Rxa4 19. bxa4 Nxc4 20. Qd3 Nb2 21. Qb3 Nxd1 22. Rxd1 Qc7 23. Qb5 Be5 24. h3 Qd6 25. f4 Bg7 26. a5 Bh6 27. Bb3 Rd8 28. Kh1 Kf8 29. Rc1 Kg8 30. Rc4 Qxd5 31. Rxc5 Qe4 32. Rxc8 Rxc8 33. Qxd7 Rf8 34. Qd4 Qb1+ 35. Kh2 Bg7 36. Qd5 Qe1 37. Qd2 Qa1 38. Bc5 Bf6 39. Qe3 Qe1 40. Ng3 Qxe3 41. Bxe3 Ra8 42. Bd2 Rd8 43. Ne4 Bd4 44. Bb4 Kg7 45. Nc5 Rb8 46. Bd5 e6 47. Bf3 Be3 48. Kg3 h5 49. h4 Rc8 50. Nxb7 Rc4 51. Bd6 Ra4 52. a3 Bc1 53. Bd1 Rc4 54. a6 Be3 55. Bb8 1-0

[Event "1.FrauenBL 2018-19"]
[Site "Berlin"]
[Date "2019.03.03"]
[Round "11.2"]
[White "Jahn, Constanze"]
[Black "Melamed, Tatjana"]
[Result "1/2-1/2"]
[ECO "B50"]
[WhiteElo "2063"]
[BlackElo "2359"]
[Annotator "NA"]
[PlyCount "57"]
[EventDate "2018.10.27"]
[EventType "team-tourn"]
[EventCountry "GER"]
[SourceTitle "playchess.com"]
[Source "ChessBase"]
[SourceQuality "1"]
[WhiteTeam "Pankow"]
[BlackTeam "Bad Koenigshofen"]
[TimeControl "40/5400+30:1800+30"]

1. e4 c5 2. Nf3 e6 3. b3 d6 4. Bb5+ Nd7 5. O-O Be7 6. Bb2 Ngf6 7. Re1 O-O 8. d4 cxd4 9. Nxd4 Nc5 10. Nd2 a6 11. Bf1 Re8 12. c4 e5 13. Nc2 Bf8 14. Nb4 Bg4 15. Qc2 Rc8 16. Nd3 Nfd7 17. b4 Nxd3 18. Qxd3 a5 19. a3 Be6 20. Rec1 Qb6 21. Bc3 g6 22. c5 dxc5 23. bxa5 Qc6 24. Nc4 Red8 25. Qe3 Qa4 26. Bd2 Qc6 27. Bc3 Qa4 28. Bd2 Qc6 29. Bc3 1/2-1/2

[Event "1.FrauenBL 2018-19"]
[Site "Berlin"]
[Date "2019.03.03"]
[Round "11.3"]
[White "Obolentseva, Alexandra"]
[Black "Wagner-Michel, Annett"]
[Result "1-0"]
[ECO "D36"]
[WhiteElo "2324"]
[BlackElo "2059"]
[Annotator "NA"]
[PlyCount "133"]
[EventDate "2018.10.27"]
[EventType "team-tourn"]
[EventCountry "GER"]
[SourceTitle "playchess.com"]
[Source "ChessBase"]
[SourceQuality "1"]
[WhiteTeam "Bad Koenigshofen"]
[BlackTeam "Pankow"]
[TimeControl "40/5400+30:1800+30"]

1. d4 d5 2. c4 e6 3. Nc3 Nf6 4. cxd5 exd5 5. Bg5 Be7 6. e3 O-O 7. Bd3 Nbd7 8. Nf3 c6 9. Qc2 h6 10. Bh4 Re8 11. O-O Nf8 12. Rae1 Nh5 13. Bxe7 Rxe7 14. b4 Bd7 15. b5 Nf6 16. Ne5 cxb5 17. Nxb5 Bxb5 18. Bxb5 Rc7 19. Qb2 Rac8 20. Bd3 g6 21. Qb1 Kg7 22. f4 Qe7 23. g4 Rc3 24. g5 Ng8 25. h4 R8c7 26. Qb5 f6 27. Ng4 h5 28. Nf2 Qd7 29. Qb1 f5 30. Rc1 Ne7 31. Rxc3 Rxc3 32. Rc1 Rxc1+ 33. Qxc1 Qc6 34. Qa3 Nc8 35. Bf1 Nd7 36. Nd3 a6 37. Bg2 Qb5 38. Kh2 Ndb6 39. Ne5 Nc4 40. Qc3 N8b6 41. Nxc4 Nxc4 42. a4 Qd7 43. Kg3 b6 44. Kf2 a5 45. Qb3 Qe6 46. Bf3 Kf8 47. Be2 Nd2 48. Qa3+ Kf7 49. Qc1 Ne4+ 50. Kf3 Kf8 51. Bd3 Ke7 52. Bb5 Kd8 53. Qc2 Nd6 54. Qc6 Qe4+ 55. Kf2 Nxb5 56. axb5 Ke7 57. Qf6+ Kd7 58. Qxg6 Qc2+ 59. Kg3 Qb1 60. Qc6+ Ke7 61. Kf2 Qa2+ 62. Kf3 Qc4 63. Qxc4 dxc4 64. Ke2 a4 65. Kd2 a3 66. Kc2 a2 67. Kb2 1-0

[Event "1.FrauenBL 2018-19"]
[Site "Berlin"]
[Date "2019.03.03"]
[Round "11.3"]
[White "Mader, Manuela"]
[Black "Jelica, Mara"]
[Result "1-0"]
[ECO "C60"]
[WhiteElo "2156"]
[BlackElo "2147"]
[Annotator "NA"]
[PlyCount "87"]
[EventDate "2018.10.27"]
[EventType "team-tourn"]
[EventCountry "GER"]
[SourceTitle "playchess.com"]
[Source "ChessBase"]
[SourceQuality "1"]
[WhiteTeam "Karlsruher SF"]
[BlackTeam "SF Deizisau"]
[TimeControl "40/5400+30:1800+30"]

1. e4 e5 2. Nf3 Nc6 3. Bb5 Nge7 4. O-O g6 5. c3 Bg7 6. d4 exd4 7. cxd4 d5 8. e5 O-O 9. h3 h6 10. Nc3 a6 11. Ba4 Bf5 12. Nh4 Be6 13. f4 f6 14. Nf3 Nf5 15. Re1 b5 16. Bc2 fxe5 17. dxe5 Kh7 18. a3 b4 19. Na4 Qe7 20. Qd3 Kg8 21. Bd2 Rfd8 22. Rec1 a5 23. g4 Ng3 24. Bd1 Qe8 25. Nc5 Bf7 26. Ba4 Ne4 27. Bxc6 Qxc6 28. Nxe4 dxe4 29. Qxd8+ Rxd8 30. Rxc6 exf3 31. Be3 Rd3 32. Re1 bxa3 33. bxa3 Rxa3 34. Rxc7 Ra2 35. Bf2 Be6 36. Rb1 Bf8 37. Rb8 h5 38. Ra7 hxg4 39. hxg4 Bd5 40. Rd7 Be6 41. Rdd8 Bxg4 42. Rxf8+ Kg7 43. e6 g5 44. Rf7+ 1-0

[Event "1.FrauenBL 2018-19"]
[Site "Berlin"]
[Date "2019.03.03"]
[Round "11.3"]
[White "Gosciniak, Maria"]
[Black "Lubbe, Melanie"]
[Result "0-1"]
[ECO "A24"]
[WhiteElo "2116"]
[BlackElo "2288"]
[Annotator "NA"]
[PlyCount "200"]
[EventDate "2018.10.27"]
[EventType "team-tourn"]
[EventCountry "GER"]
[SourceTitle "playchess.com"]
[Source "ChessBase"]
[SourceQuality "1"]
[WhiteTeam "TuRa Harksheide"]
[BlackTeam "Rodewischer SM"]
[TimeControl "40/5400+30:1800+30"]

1. c4 Nf6 2. Nc3 g6 3. g3 Bg7 4. Bg2 O-O 5. e4 d6 6. Nge2 e5 7. O-O c6 8. d3 a6 9. a4 a5 10. h3 Na6 11. Be3 Nb4 12. d4 Nd7 13. f4 exd4 14. Bxd4 Nc5 15. Bxg7 Kxg7 16. f5 f6 17. fxg6 hxg6 18. Nf4 Qe7 19. Rf2 Be6 20. b3 Bf7 21. Rb1 Qe5 22. Qf3 g5 23. Nfe2 Bg6 24. g4 Rae8 25. Qg3 d5 26. cxd5 cxd5 27. Rd1 dxe4 28. Qxe5 Rxe5 29. Ng3 e3 30. Re2 Nbd3 31. Nf1 Rfe8 32. Nd5 Nxb3 33. Rxe3 Nbc5 34. Rxe5 fxe5 35. Nc3 e4 36. Ne3 Kf6 37. Rb1 Ke5 38. Rb5 Kd4 39. Ncd1 Ra8 40. Nc2+ Ke5 41. Nf2 Rc8 42. Bf1 Nxf2 43. Kxf2 Be8 44. Rxa5 Bxa4 45. Ne3 Kd6 46. Nc4+ Kc6 47. Ne5+ Kd5 48. Nc4 Rf8+ 49. Kg2 Kd4 50. Nd6 b6 51. Ra7 Bd7 52. Ra1 Nd3 53. Kg1 Kd5 54. Nxe4 Rxf1+ 55. Rxf1 Kxe4 56. Rf7 Ne5 57. Rf8 b5 58. Kg2 b4 59. Rb8 Nd3 60. Kg3 Be6 61. h4 gxh4+ 62. Kxh4 b3 63. g5 Nf4 64. Rb4+ Kf5 65. Rb5+ Kg6 66. Rb6 Kf7 67. Rb7+ Kf8 68. g6 Nxg6+ 69. Kg5 Ne5 70. Kf6 Nd7+ 71. Kg5 Ke7 72. Kf4 Kd6 73. Ke3 Nc5 74. Rb4 Kc6 75. Kd4 Na6 76. Ra4 b2 77. Rxa6+ Kc7 78. Rxe6 b1=Q 79. Ke5 Qb5+ 80. Kf6 Kd7 81. Re7+ Kd8 82. Re5 Qb6+ 83. Kf5 Kd7 84. Rd5+ Ke7 85. Re5+ Kf7 86. Ke4 Kg6 87. Rd5 Qc7 88. Rd4 Kf6 89. Rd5 Ke6 90. Rd4 Qc3 91. Rd3 Qe5+ 92. Kf3 Kf5 93. Re3 Qd4 94. Ke2 Kf4 95. Rf3+ Ke4 96. Rf8 Qc4+ 97. Kd1 Qa4+ 98. Ke2 Qb5+ 99. Kd1 Ke3 100. Rc8 Qb1+ 0-1